 Dungeon Crawl Stone Soup version 0.28-a0-537-g3bccd9ccbf (webtiles) character file.

Game seed: 14025257318792890303

1239 SkeletonJelly the Cutter (level 8, -1/54 HPs)
             Began as a Djinni Brigand on Sept 27, 2021.
             Slain by a centaur (10 damage)
             ... on level 5 of the Dungeon.
             The game lasted 00:13:57 (7387 turns).

SkeletonJelly the Cutter (Djinni Brigand)           Turns: 7387, Time: 00:13:57

Health: -1/54      AC:  4    Str: 14    XL:     8   Next: 78%
Gold:   268        EV: 12    Int: 16    God:
                   SH:  0    Dex: 17

rFire   + + .      SeeInvis .   t - +3 dagger "Kois Coato" {protect, rElec Str+4 Int+3 Stlth+}
rCold   x . .      Faith    .   (no shield)
rNeg    . . .      Spirit   .   b - +0 robe
rPois   ∞          Reflect  .   (no helmet)
rElec   +          Harm     .   c - +0 cloak
rCorr   .          Rampage  .   o - +0 pair of gloves
Will    .....                   (boots unavailable)
Stlth   ++++......              (no amulet)
HPRegen 0.18/turn               (no ring)
MPRegen 0.00/turn               (no ring)

@: flying, very slightly contaminated
A: sickness immunity, fire resistance 2, cold vulnerability 1, float, innate
caster, hp casting, extra vitality 1
a: no special abilities


You were on level 5 of the Dungeon.
You visited 1 branch of the dungeon, and saw 5 of its levels.

You collected 268 gold pieces.

Inventory:

Hand Weapons
 a - a +2 dagger
 q - a +3 spear of flaming
 t - the +3 dagger "Kois Coato" (weapon) {protect, rElec Str+4 Int+3 Stlth+}
   (You found it on level 5 of the Dungeon)

   It grants its wielder temporary protection when it strikes (+7 to AC).
   Str:       It affects your strength (+4).
   Int:       It affects your intelligence (+3).
   rElec:     It insulates you from electricity.
   Stlth:     It makes you more stealthy.
Missiles
 d - 17 poisoned darts
 e - 2 curare-tipped darts
Armour
 b - a +0 robe (worn)
 c - a +0 cloak (worn)
 o - a +0 pair of gloves (worn)
Scrolls
 g - 2 scrolls of blinking {unknown}
 h - a scroll of fear {unknown}
 i - 2 scrolls of immolation {unknown}
 j - a scroll of vulnerability {unknown}
 k - 4 scrolls of holy word {unknown}
 n - 3 scrolls of identify {unknown}
 r - a scroll of magic mapping {unknown}
 s - a scroll of noise {unknown}
 u - 2 scrolls of teleportation {unknown}
Potions
 f - 2 potions of curing
 l - a potion of ambrosia {unknown}
 m - a potion of cancellation {unknown}
 p - 2 potions of flight {unknown}
 v - 2 potions of haste {unknown}


   Skills:
 - Level 2.0 Fighting
 * Level 7.6 Short Blades
 - Level 1.5 Throwing
 - Level 1.1 Dodging
 + Level 6.2 Stealth


You had 2 spell levels left.
You knew the following spells:

 Your Spells              Type           Power      Damage    Failure   Level
a - Apportation           Tloc           0%         N/A       26%         1
i - Call Imp              Summ           0%         N/A       36%         2
r - Corpse Rot            Necr/Air       N/A        N/A       36%         2
Your spell library was empty.

Dungeon Overview and Level Annotations

Branches:
Dungeon (5/15)
 Temple: D:4-7

Altars:
Nemelex Xobeh

Shops:
D:1 :[

Annotations:
D:5 3 runed translucent doors


Innate Abilities, Weirdness & Mutations

You are immune to sickness and miasma.
You are immune to poison.
Your flesh is very heat resistant. (rF++)
You are vulnerable to cold. (rC-)
You float through the air rather than walking.
You learn spells naturally, not from books.
Your magical power is your life essence.
You have superior vitality. (+4 HP)


Message History

There is an open door here.
The ice beast hits you. The ice beast freezes you!
You feel a terrible chill!
You take 14 damage, and have 39/54 hp.
MASSIVE DAMAGE!!
You hit the ice beast.
Your weapon exudes an aura of protection.
The ice beast is lightly wounded.
The ice beast closely misses you.
You hit the ice beast.
The ice beast is lightly wounded.
You barely miss the ice beast.
The ice beast is lightly wounded.
The ice beast misses you.
You hit the ice beast.
The ice beast is moderately wounded.
You hit the ice beast but do no damage.
The ice beast is moderately wounded.
The ice beast hits you but does no damage.
You hit the ice beast but do no damage.
The ice beast is moderately wounded.
The ice beast hits you but does no damage.
You hit the ice beast but do no damage.
The ice beast is moderately wounded.
You hit the ice beast.
The ice beast is moderately wounded.
The ice beast hits you but does no damage.
You closely miss the ice beast.
The ice beast is moderately wounded.
You hit the ice beast but do no damage.
The ice beast is moderately wounded.
The ice beast barely misses you.
You hit the ice beast.
The ice beast is heavily wounded.
The ice beast barely misses you.
You hit the ice beast but do no damage.
The ice beast is heavily wounded.
You hit the ice beast.
The ice beast is severely wounded.
The ice beast misses you.
You hit the ice beast but do no damage.
The ice beast is severely wounded.
You hit the ice beast.
The ice beast is almost dead.
The ice beast hits you but does no damage.
You hit the ice beast.
The ice beast is almost dead.
The ice beast hits you but does no damage.
You hit the ice beast.
The ice beast is almost dead.
You hit the ice beast.
The ice beast is almost dead.
The ice beast hits you but does no damage.
You hit the ice beast.
You kill the ice beast!
No target in view!
No target in view!
No target in view!
No target in view!
No target in view!
Your crimson imp disappears in a puff of smoke!
Key pressed, stopping explore.
A centaur comes into view.
It is wielding the +10 zealot's sword {holy, *Rage rN+ EV+3}.
Health restored: 54 A centaur is nearby!
A centaur is nearby!
A centaur is nearby!
A centaur is nearby!
Unknown command.
You miscast Call Imp.
You are very lightly contaminated with residual magic.
Nothing appears to happen.
The centaur unwields the +10 zealot's sword {holy, *Rage rN+ EV+3}.
It stops glowing.
The centaur wields a +0 shortbow.
The centaur shoots an arrow.
The arrow misses you.
The centaur shoots an arrow.
The arrow hits you.
You take 6 damage, and have 48/54 hp.
A beastly little devil appears in a puff of flame.
The centaur shoots an arrow.
The arrow closely misses you.
You take 2 damage, and have 46/54 hp.
You swap places.
The centaur shoots an arrow.
The arrow barely misses your crimson imp.
The arrow hits you!
You take 11 damage, and have 35/54 hp.
MASSIVE DAMAGE!!
The centaur shoots an arrow.
The arrow hits your crimson imp!
The centaur shoots an arrow.
The arrow completely misses your crimson imp.
The arrow barely misses you.
The centaur shoots an arrow.
The arrow hits your crimson imp!
Your crimson imp dies!
Your crimson imp disappears in a puff of smoke!
The centaur shoots an arrow.
The arrow hits you!
You take 12 damage, and have 24/54 hp.
MASSIVE DAMAGE!!
The centaur shoots an arrow.
The arrow hits you!
* * * LOW HITPOINT WARNING * * *
You take 15 damage, and have 9/54 hp.
MASSIVE DAMAGE!!
Found a dagger.
The centaur unwields a +0 shortbow.
The centaur wields the +10 zealot's sword {holy, *Rage rN+ EV+3}.
It softly glows with a divine radiance!
The centaur closely misses you. x2
The centaur hits you with the +10 zealot's sword {holy, *Rage rN+ EV+3}!
You die...

#.....#... ##........
#........ #.......>
####'#.## #### #.#.#
....) #.#.#
......#############.#.#
......c@............#.#
......###############.#
..... ..# .... ### ...
##


You could see a centaur.

Vanquished Creatures
  Sigmund (D:5)
  2 ice beasts
  2 gnoll sergeants
  A scorpion (D:2)
  A water moccasin skeleton (D:5)
  2 howler monkeys (D:3)
  A jelly (D:4)
  A centaur zombie (D:3)
  2 bullfrog zombies (D:5)
  A hound (D:5)
  An orc wizard (D:3)
  A hound skeleton (D:4)
  13 gnolls
  A howler monkey skeleton (D:5)
  5 adders
  3 adder skeletons (D:3)
  An adder zombie (D:3)
  A worm (D:2)
  3 dart slugs
  17 orcs
  A bat (D:1)
  6 endoplasms
  4 giant cockroaches
  5 goblins
  6 hobgoblins
  15 jackals
  A kobold (D:1)
  3 quokkas
  5 ball pythons
  A ball python skeleton (D:3)
  2 frilled lizards (D:1)
  5 rats
114 creatures vanquished.

Vanquished Creatures (collateral kills)
  7 gnolls (D:3)
  7 orcs (D:3)
  A jackal (D:3)
  A goblin (D:4)
16 creatures vanquished.

Vanquished Creatures (others)
  A fungus (D:1)
  2 plants
3 creatures vanquished.

Grand Total: 133 creatures vanquished

Notes
Turn   | Place    | Note
-------+----------+-------------------------------------------
     0 | D:1      | SkeletonJelly the Djinni Brigand began the quest for the
                  | Orb.
     0 | D:1      | Reached XP level 1. HP: 18/18 MP: 0/0
   174 | D:1      | Found Dagadah's Book Emporium.
   178 | D:1      | Found Voehauwn's Armour Shop.
   187 | D:1      | Reached skill level 2 in Short Blades
   244 | D:1      | Reached XP level 2. HP: 23/23 MP: 0/0
   399 | D:1      | Reached XP level 3. HP: 13/28 MP: 0/0
   399 | D:1      | Learned a level 1 spell: Apportation
   728 | D:1      | Found a faded altar of an unknown god.
  1330 | D:2      | Reached skill level 3 in Short Blades
  1431 | D:2      | Reached XP level 4. HP: 22/33 MP: 0/0
  1833 | D:2      | Noticed a scorpion
  1841 | D:2      | Killed a scorpion
  1842 | D:2      | Reached XP level 5. HP: 38/38 MP: 0/0
  1842 | D:2      | Learned a level 2 spell: Corpse Rot
  2148 | D:3      | Noticed an ice beast
  2305 | D:3      | Killed an ice beast
  2306 | D:3      | Reached skill level 4 in Short Blades
  2306 | D:3      | Reached XP level 6. HP: 11/43 MP: 0/0
  3020 | D:3      | Reached skill level 5 in Short Blades
  3097 | D:3      | Reached XP level 7. HP: 39/49 MP: 0/0
  3097 | D:3      | Learned a level 2 spell: Call Imp
  4057 | D:3      | Reached skill level 5 in Stealth
  4719 | D:3      | Reached skill level 6 in Short Blades
  6167 | D:4      | Reached XP level 8. HP: 54/54 MP: 0/0
  6532 | D:4      | Found a sparkling altar of Nemelex Xobeh.
  6932 | D:5      | Entered Level 5 of the Dungeon
  6955 | D:5      | Noticed Sigmund
  6972 | D:5      | Identified the +3 dagger "Kois Coato" {protect, rElec Str+4
                  | Int+3 Stlth+}
  6994 | D:5      | Killed Sigmund
  6995 | D:5      | Reached skill level 7 in Short Blades
  7213 | D:5      | Found a runed translucent gate.
  7213 | D:5      | Found a runed translucent gate.
  7213 | D:5      | Found a runed translucent gate.
  7387 | D:5      | Slain by a centaur

Illustrated notes

Levels and vault maps discovered:
D:1:      psy_arrival_statuary, layout_loops_corners, serial_shops,
          nicolae_shop_waterfront, nicolae_shop_crystal,
          shapermc_ecumenical_altar_ellora
D:2:      layout_rooms, serial_bayou_pond_a
D:3:      lemuel_castle_with_subvaults [lemuel_castle_interior_carwin_3],
          layout_basic, serial_undead, serial_undead_a, serial_undead_f,
          serial_undead_c, serial_undead_f, serial_park_tiny_2
D:4:      layout_gridville, mainiacjoe_overflow_tiny_flanked, lightli_minifort
D:5:      layout_basic, gammafunk_temple_overflow_wave, gammafunk_ghost_icy,
          uniq_crazy_yiuf_cottage, uniq_sigmund

Skill      XL: |  1  2  3  4  5  6  7  8 |
---------------+-------------------------+-----
Short Blades   | 2 3 4 5 6 7 |  7.6
Stealth        | 4 5 6 |  6.2
Fighting       | |  2.0
Throwing       | |  1.5
Dodging        | |  1.1

Action                   |  1- 3 |  4- 6 |  7- 9 || total
-------------------------+-------+-------+-------++-------
Melee: Dagger            |    84 |   149 |   333 ||   566
Throw: Dart              |     1 |     7 |     7 ||    15
 Cast: Call Imp          |       |       |    34 ||    34
       Corpse Rot        |       |       |     1 ||     1
  Use: Potion            |       |     2 |       ||     2
 Stab: Sleeping          |    10 |     7 |    10 ||    27
       Distracted        |       |       |     2 ||     2
Armor: Robe              |    10 |    27 |    62 ||    99
Dodge: Dodged            |    34 |    67 |   159 ||   260

Table legend: (Time is in decaauts)
 A = Elapsed time spent in this place.
 B = Non-inter-level travel time spent in this place.
 C = Inter-level travel time spent in this place.
 D = Time resting spent in this place.
 E = Time spent auto-exploring this place.
 F = Levels seen in this place.
 G = Mean time per level.
                   A        B        C        D        E       F      G
               +--------+--------+--------+--------+--------+-----+--------+
         Total |   7260 |   6996 |    264 |    262 |   5377 |   5 | 1452.0 |
       Dungeon |   7260 |   6996 |    264 |    262 |   5377 |   5 | 1452.0 |
               +--------+--------+--------+--------+--------+-----+--------+

Top non-repeatable levels by time:
     D:3: 2991 daAuts
     D:2: 1673 daAuts
     D:1: 1279 daAuts
     D:4: 884 daAuts
     D:5: 430 daAuts
